 Dungeon Crawl Stone Soup version 0.20-a0-1122-gb7cbeb9 (webtiles) character file.

36652 MatthieuS the Grappler (level 13, -10/153 HPs)
             Began as a Troll Transmuter on May 12, 2017.
             Was the Champion of Okawaru.
             Mangled by an eight-headed hydra (12 damage)
             ... on level 6 of the Lair of Beasts.
             The game lasted 01:23:02 (16246 turns).

MatthieuS the Grappler (Troll Transmuter)          Turns: 16246, Time: 01:23:02

Health: -10/153    AC: 10    Str: 21    XL:     13   Next: 54%
Magic:  11/15      EV: 14    Int: 10    God:    Okawaru [******]
Gold:   1032       SH:  3    Dex: 13    Spells: 0/17 levels left

rFire    x . .     SeeInvis .     - Unarmed
rCold    + + +     Gourm    +   (shield currently unavailable)
rNeg     . . .     Faith    .   (armour currently unavailable)
rPois    +         Spirit   .   (helmet currently unavailable)
rElec    .         Reflect  +   (cloak currently unavailable)
rCorr    .         Harm     .   (gloves unavailable)
MR       .....                  (boots unavailable)
Stlth    +.........             n - +3 amulet of reflection
Regen    0.8/turn               D - +5 ring of protection
MPRegen  0.2/turn               S - ring of poison resistance

@: ice-form, drained
A: unfitting armour, fast metabolism 3, gourmand, regeneration 1
a: End Transformation, Heroism, Finesse, Renounce Religion


You were on level 6 of the Lair of Beasts.
You worshipped Okawaru.
Okawaru was exalted by your worship.
You were full.
You were a creature of crystalline ice.
You visited 3 branches of the dungeon, and saw 20 of its levels.
You also visited: Ossuary.

You collected 1320 gold pieces.
You spent 288 gold pieces at shops.

Inventory:

Missiles
 a - 200 arrows
 b - 14 large rocks (quivered)
 Q - a throwing net
Armour
 M - a +2 hat (melded)
 N - a scarf of repulsion (melded)
 R - a scarf of cloud immunity
 W - a +2 robe of magic resistance (melded)
Jewellery
 f - an uncursed ring of flight
 n - a +3 amulet of reflection (around neck)
 s - an uncursed ring of protection from cold
 D - a +5 ring of protection (left front paw)
 H - an uncursed ring of see invisible
 S - a ring of poison resistance (right front paw)
Wands
 m - a wand of digging (11/24)
 o - a wand of acid (0/15)
 v - a wand of digging (13/24)
 P - a wand of disintegration (5/24)
 U - a wand of digging (7/24)
 X - a wand of digging (12/24)
 Y - a wand of lightning (1/15)
Scrolls
 c - 2 scrolls of recharging
 j - 3 scrolls of enchant armour
 k - 10 scrolls of teleportation
 q - 10 scrolls of remove curse
 w - 2 scrolls of magic mapping
 y - a scroll of immolation {unknown}
 B - 3 scrolls of fear
 E - 3 scrolls of fog {unknown}
 F - 6 scrolls of amnesia {unknown}
 G - a scroll of blinking
 J - a scroll of holy word {unknown}
 T - a scroll of identify
 V - a scroll of torment {unknown}
Potions
 e - a potion of berserk rage
 g - a potion of cancellation
 i - 3 potions of mutation
 l - a potion of agility
 r - 3 potions of lignification
 u - 4 potions of brilliance
 x - a potion of might
 z - 3 potions of magic {unknown}
 A - 5 potions of haste {unknown}
 I - a potion of degeneration {unknown}
 K - 2 potions of invisibility
 L - 4 potions of curing
Books
 h - a Young Poisoner's Handbook

   Spells                             Type                      Level
   a - Sting                          Conjuration/Poison           1
   b - Poisonous Vapours              Poison/Air                   2
   c - Mephitic Cloud                 Conjuration/Poison/Air       3
   d - Olgreb's Toxic Radiance        Poison                       4
   e - Venom Bolt                     Conjuration/Poison           5
 O - a book of Minor Magic

   Spells                             Type                      Level
   a - Magic Dart                     Conjuration                  1
   b - Blink                          Translocation                2
   c - Call Imp                       Summoning                    2
   d - Slow                           Hexes                        2
   e - Conjure Flame                  Conjuration/Fire             3
   f - Mephitic Cloud                 Conjuration/Poison/Air       3
Miscellaneous
 Z - a fan of gales
Comestibles
 d - 12 bread rations
 p - 3 royal jellies
 t - 4 meat rations
 C - 16 fruits


   Skills:
 + Level 8.5(8.0) Fighting
 + Level 8.7(8.2) Dodging
 * Level 14.1(13.5) Unarmed Combat
 - Level 2.5(2.1) Spellcasting
 - Level 9.1(8.6) Transmutations
 - Level 2.3(1.8) Ice Magic


You couldn't memorise any spells.
You knew the following spells:

 Your Spells              Type           Power        Failure   Level  Hunger
a - Beastly Appendage     Tmut           ###...       1%          1    ##.....
b - Spider Form           Tmut/Pois      #.........   16%         3    ####...
c - Sticks to Snakes      Tmut           ###.....     1%          2    ###....
d - Ice Form              Ice/Tmut       ##......     34%         4    #####..
e - Blade Hands           Tmut           ###.......   24%         5    ######.
f - Blink                 Tloc           N/A          43%         2    ###....


Dungeon Overview and Level Annotations

Branches:
Dungeon (13/15)            Temple (1/1) D:5            Lair (6/6) D:9
  Swamp (0/4) Lair:2        Snake (0/4) Lair:4        Slime (0/5) Lair:5
    Orc (0/2) D:10
 Vaults: D:13-14

Altars:
Ashenzari
Elyvilon
Makhleb
Okawaru
Ru
Wu Jian
Jiyva

Shops:
D:4 [   D:7 %   D:8 [([[(   D:10 =


Innate Abilities, Weirdness & Mutations

You are too large for most types of armour.
((You have claws for hands.))
Your metabolism is lightning-fast.
You like to eat raw meat.
Your natural rate of healing is unusually fast.
((You are covered in fur. (AC +1)))
((You have very tough skin. (AC +2)))


Message History

The rat closely misses you.
Unknown command.
You punch the eight-headed hydra!
The eight-headed hydra seems to slow down.
You freeze the eight-headed hydra.
The eight-headed hydra is almost dead.
The river rat misses you. You block the hell rat's attack.
The eight-headed hydra bites you! x2
* * * LOW HITPOINT WARNING * * *
The eight-headed hydra bites you!
* * * LOW HITPOINT WARNING * * *
The eight-headed hydra bites you!
* * * LOW HITPOINT WARNING * * *
The eight-headed hydra bites you but does no damage.
The eight-headed hydra bites you!
* * * LOW HITPOINT WARNING * * *
The eight-headed hydra bites you.
* * * LOW HITPOINT WARNING * * *
The eight-headed hydra bites you!
You die...

#+ #.####....# ##
#...##...P#
..+.(.##.#..##
#...r##.....#
#rrDr..P#..# .
##.#Y##.....#..
#####.#r.##......#.
....................
.....F..............
....................
........#F..........
....................
....................
....................


You could see an eight-headed hydra, 2 blink frogs, 2 hell rats, a river rat and
2 rats.

Vanquished Creatures
  Rupert (Lair:5)
  Nessos (Lair:4)
  The ghost of ereinion the Carver, a journeyman DsAK of Lugonu (Lair:4)
  The ghost of enarc13 the Grappler, a journeyman DrTm of Ashenzari (D:11)
  2 two-headed ogres
  The ghost of Sergey the Spear-Bearer, a novice MfSk of Okawaru (D:8)
  Urug (D:11)
  The ghost of pichaelthompson the Covered, a novice DsGl of Qazlal (D:7)
  3 cyclopes
  6 elephants (Lair:5)
  Maurice (D:10)
  5 black mambas
  A guardian serpent (Lair:4)
  11 spiny frogs
  A rime drake (Lair:2)
  2 komodo dragons
  3 trolls
  A hornet (D:8)
  9 dream sheep
  Eustachio (D:5)
  7 spriggans
  36 yaks
  3 wyverns
  2 basilisks
  Grum (D:10)
  The ghost of enarc13 the Magician, an amateur OpWz (D:3)
  An acid dragon (D:9)
  4 porcupines
  8 water moccasins
  4 swamp worms (Lair:2)
  5 ice beasts
  5 orc warriors
  3 sky beasts
  2 phantoms
  An eye of draining (D:6)
  7 ogres
  3 centaurs
  8 wolves
  6 crocodiles
  4 big kobolds
  Blork the orc (D:6)
  14 bullfrogs
  2 gnoll sergeants
  A wyvern zombie (D:8)
  3 scorpions
  6 killer bees (D:7)
  11 wights
  3 howler monkeys
  2 electric eels
  2 centaur zombies
  4 crimson imps
  A quasit (D:12)
  7 hounds
  4 jellies
  9 orc priests
  A bullfrog skeleton (D:2)
  3 centaur skeletons
  An iguana (D:11)
  7 orc wizards
  7 hell rats
  8 worker ants
  A hound skeleton (D:8)
  8 mummies (Ossuary)
  A howler monkey zombie (D:5)
  25 gnolls
  10 adders
  3 shadow imps
  An ooze (D:3)
  An adder skeleton (D:7)
  An adder zombie (D:5)
  A worm (D:2)
  3 dart slugs
  11 leopard geckos
  57 orcs
  A ball python (D:2)
  4 bats
  6 giant cockroaches
  2 gnoll zombies (Ossuary)
  5 goblins
  6 hobgoblins
  15 jackals
  4 quokkas
  A ball python skeleton (D:4)
  4 frilled lizards
  2 hobgoblin zombies (Ossuary)
  17 kobolds
  3 kobold zombies (Ossuary)
  An orc zombie (Ossuary)
  16 rats
  7 plants
478 creatures vanquished.

Vanquished Creatures (others)
  2 plants
2 creatures vanquished.

Grand Total: 480 creatures vanquished

Notes
Turn   | Place    | Note
-------+----------+-------------------------------------------
     0 | D:1      | MatthieuS the Troll Transmuter began the quest for the Orb.
     0 | D:1      | Reached XP level 1. HP: 18/18 MP: 1/1
    41 | D:1      | Reached skill level 1 in Fighting
   131 | D:1      | Reached XP level 2. HP: 25/27 MP: 2/2
   477 | D:2      | Reached XP level 3. HP: 35/35 MP: 3/3
   493 | D:2      | Reached skill level 4 in Unarmed Combat
   661 | D:2      | Reached XP level 4. HP: 39/42 MP: 4/4
   677 | D:2      | Learned a level 3 spell: Spider Form
  1261 | D:3      | Noticed enarc13's ghost (amateur OpWz)
  1309 | D:2      | Reached XP level 5. HP: 43/49 MP: 5/5
  1584 | D:3      | Killed enarc13's ghost
  1584 | D:3      | Reached XP level 6. HP: 48/57 MP: 6/6
  2174 | D:4      | Found Pisheuza's Armour Emporium.
  2487 | D:4      | Reached skill level 5 in Transmutations
  2487 | D:4      | Reached XP level 7. HP: 65/65 MP: 4/7
  2769 | D:4      | Found a sand-covered staircase.
  2774 | Ossuary  | Entered an ossuary
  3251 | D:4      | Reached skill level 5 in Unarmed Combat
  3416 | D:4      | Found a sacrificial altar of Ru.
  3419 | D:4      | Became a worshipper of Ru the Awakened
  3549 | D:5      | Entered Level 5 of the Dungeon
  3634 | D:5      | Reached XP level 8. HP: 63/75 MP: 8/8
  3691 | D:5      | Reached skill level 6 in Unarmed Combat
  3963 | D:5      | Learned a level 2 spell: Sticks to Snakes
  4240 | D:5      | Noticed Eustachio
  4264 | D:5      | Killed Eustachio
  4264 | D:5      | Reached skill level 7 in Unarmed Combat
  4352 | D:5      | Found a staircase to the Ecumenical Temple.
  4357 | Temple   | Entered the Ecumenical Temple
  4398 | Temple   | Fell from the grace of Ru
  4398 | Temple   | Became a worshipper of Warmaster Okawaru
  4770 | D:6      | Noticed a cyclops
  4861 | D:6      | Killed a cyclops
  4889 | D:6      | Reached skill level 8 in Unarmed Combat
  4889 | D:6      | Reached XP level 9. HP: 85/85 MP: 3/9
  5079 | D:6      | Reached * piety under Okawaru
  5446 | D:6      | Noticed Blork the orc
  5452 | D:6      | Killed Blork the orc
  5452 | D:6      | Reached skill level 5 in Fighting
  5871 | D:7      | Reached skill level 9 in Unarmed Combat
  5889 | D:7      | You fall through a shaft!
  6136 | D:7      | Reached ** piety under Okawaru
  6296 | D:7      | Learned a level 4 spell: Ice Form
  6362 | D:7      | Noticed pichaelthompson's ghost (novice DsGl)
  6368 | D:7      | Reached skill level 10 in Unarmed Combat
  6385 | D:7      | Killed pichaelthompson's ghost
  6385 | D:7      | Reached skill level 5 in Dodging
  6385 | D:7      | Reached XP level 10. HP: 91/96 MP: 1/11
  6540 | D:7      | Reached *** piety under Okawaru
  6746 | D:7      | Found Aqeirou's Food Boutique.
  7122 | D:8      | Found Xexiket's Antique Weapon Shop.
  7281 | D:8      | Found Gerown's Armour Emporium.
  7329 | D:8      | Found Rygac's Armour Shoppe.
  7420 | D:8      | Found Elioprod's Antique Armour Shoppe.
  7429 | D:8      | Bought a runed hat for 189 gold pieces
  7429 | D:8      | Bought a runed robe for 99 gold pieces
  7617 | D:8      | Noticed Sergey's ghost (novice MfSk)
  7645 | D:8      | Killed Sergey's ghost
  7645 | D:8      | Received a gift from Okawaru
  7659 | D:8      | Found Ympur's Weapon Shop.
  8090 | D:9      | Reached **** piety under Okawaru
  8124 | D:9      | Noticed a two-headed ogre
  8156 | D:9      | Killed a two-headed ogre
  8292 | D:9      | Reached skill level 11 in Unarmed Combat
  8367 | D:9      | Found a staircase to the Lair.
  8468 | D:9      | Reached XP level 11. HP: 105/105 MP: 13/13
  8747 | Lair:1   | Entered Level 1 of the Lair of Beasts
  8784 | D:10     | Entered Level 10 of the Dungeon
  8784 | D:10     | Noticed a two-headed ogre
  8793 | D:10     | Killed a two-headed ogre
  8888 | D:10     | Found Qyess's Jewellery Shop.
  8899 | D:10     | Reached ***** piety under Okawaru
  9128 | D:10     | Found a burning altar of Makhleb.
  9225 | D:10     | Noticed Maurice
  9231 | D:10     | Killed Maurice
  9292 | D:10     | Found a staircase to the Orcish Mines.
  9512 | D:10     | Noticed Grum
  9521 | D:10     | Killed Grum
  9654 | D:10     | Learned a level 5 spell: Blade Hands
  9686 | D:11     | Noticed enarc13's ghost (journeyman DrTm)
  9718 | D:11     | Killed enarc13's ghost
  9907 | D:11     | Noticed Urug
  9940 | D:11     | Killed Urug
 10045 | D:11     | Received a gift from Okawaru
 10111 | D:11     | You fall through a shaft for 2 floors!
 10282 | D:12     | Reached XP level 12. HP: 115/115 MP: 14/14
 10309 | D:11     | Reached ****** piety under Okawaru
 11534 | Lair:2   | Got a pitted bronze ring
 11536 | Lair:2   | Identified the ring of Saisch {Ice rN+ MR+ Int+3} (You found it on level 2 of the Lair of Beasts)
 12078 | Lair:2   | Found a staircase to the Swamp.
 12083 | Lair:2   | Reached skill level 12 in Unarmed Combat
 13665 | Lair:3   | Received a gift from Okawaru
 13684 | Lair:3   | Got a bloodstained longbow {god gift}
 13685 | Lair:3   | Identified the +5 longbow of the Boar {flame, *Drain +Inv rElec} (Okawaru gifted it to you on level 3 of the Lair of Beasts)
 13723 | Lair:4   | Noticed ereinion's ghost (journeyman DsAK)
 13732 | Lair:4   | Killed ereinion's ghost
 13732 | Lair:4   | Reached skill level 13 in Unarmed Combat
 13732 | Lair:4   | Reached XP level 13. HP: 119/127 MP: 7/15
 13748 | Lair:4   | Noticed Nessos
 14068 | Lair:4   | Killed Nessos
 14346 | Lair:4   | Found a staircase to the Snake Pit.
 14892 | Lair:4   | Received a gift from Okawaru
 15285 | Lair:5   | Noticed Rupert
 15286 | Lair:5   | Paralysed by Rupert for 7 turns
 15356 | Lair:5   | Killed Rupert
 15356 | Lair:5   | Reached skill level 14 in Unarmed Combat
 15463 | Lair:5   | Found a viscous altar of Jiyva.
 15463 | Lair:5   | Found a staircase to the Slime Pits.
 15558 | Lair:5   | Learned a level 2 spell: Blink
 16216 | Lair:6   | Entered Level 6 of the Lair of Beasts
 16246 | Lair:6   | HP: 7/153 [eight-headed hydra (14)]
 16246 | Lair:6   | HP: 2/153 [eight-headed hydra (5)]
 16246 | Lair:6   | Mangled by an eight-headed hydra

Vault maps used:
D:1:      dpeg_arrival_lava_temple_mockup
D:3:      first_bread
D:4:      kennysheep_mini, serial_shops, shop, enter_ossuary_5
D:5:      temple_statues, minmay_misc_feat_tower, nrook_pool_corridor,
          sigmund_army, uniq_eustachio
D:6:      kennysheep_cross_bottleneck, uniq_blork_the_orc
D:7:      serial_shops, kennysheep_mini_moat, the_bakery
D:8:      serial_shops, shop, shop_fountains, shop, shop, nicolae_shop_trees,
          kennysheep_windowed_goal
D:9:      david_lair_shrubbed
D:10:     kennysheep_orc_monster_closet_entryway, basic_altar, serial_shops,
          shop, uniq_maurice, uniq_grum
D:11:     uniq_urug
Temple:   roderic_octagonal_lattice_temple
Lair:1:   serial_bayou_ford_a, wad_woods_01, serial_bayou_shore_b
Lair:2:   nicolae_swamp_entry_splash_gauntlet
Lair:4:   minmay_snake_entry_spellcaster, uniq_nessos
Lair:5:   slime_altar_1, grunt_megastairs_3, lemuel_fruit_tree,
          serial_bayou_shore_a, uniq_rupert
Lair:6:   minmay_lair_end_frog_pond, grunt_forest_small_clearings,
          nicolae_quartered_pool_super, kennysheep_abandoned_house
Ossuary:  ossuary_tomb_3

Skill      XL: |  1  2  3  4  5  6  7  8  9 10 11 12 13 |
---------------+----------------------------------------+-----
Fighting       | 1 2 3 4 5 6 7 8 |  8.5
Unarmed Combat | 4 5 8 10 11 13 14 | 14.1
Transmutations | 2 3 5 8 9 |  9.1
Dodging        | 3 5 6 8 |  8.7
Spellcasting   | 2 |  2.5
Ice Magic      | 2 |  2.3

Action                   |  1- 3 |  4- 6 |  7- 9 | 10-12 | 13-15 || total
-------------------------+-------+-------+-------+-------+-------++-------
Melee: Unarmed           |    72 |   195 |   371 |   695 |   154 ||  1487
       Punch             |       |     3 |     6 |    23 |     7 ||    39
       Kick              |       |       |     4 |     5 |    23 ||    32
       Headbutt          |       |       |       |     4 |     1 ||     5
Throw: Large rock        |       |       |    25 |    31 |     2 ||    58
       Throwing net      |       |       |       |     1 |       ||     1
 Cast: Spider Form       |       |     3 |    11 |    11 |     1 ||    26
       Sticks to Snakes  |       |       |     1 |     3 |       ||     4
       Beastly Appendage |       |       |     5 |    10 |     3 ||    18
       Blade Hands       |       |       |       |    23 |    10 ||    33
       Ice Form          |       |       |       |     5 |     1 ||     6
Invok: Heroism           |       |       |     4 |    17 |     2 ||    23
 Abil: End Transformatio |       |       |       |     3 |       ||     3
Evoke: Wand              |       |       |       |     1 |     4 ||     5
  Use: Scroll            |       |     6 |     8 |     7 |     3 ||    24
       Potion            |       |     1 |     4 |     1 |     5 ||    11
 Stab: Sleeping          |       |     2 |       |       |       ||     2
  Eat: Chunk             |    12 |    17 |    36 |    82 |    25 ||   172
Armor: Robe              |    28 |    48 |   112 |   156 |    61 ||   405
       Skin              |       |       |     9 |    30 |     3 ||    42
Dodge: Dodged            |    43 |    93 |   261 |   368 |   139 ||   904
Block: Other             |       |       |       |    50 |    34 ||    84
       Reflection        |       |       |       |     2 |     1 ||     3
